 Dungeon Crawl Stone Soup version 0.19.1-1-g22dce08 (webtiles) character file.

7043 Lennu the Archer (level 10, -8/86 HPs)
             Began as a Centaur Hunter on Jan 9, 2017.
             Was a Believer of Uskayaw.
             Mangled by a cyan ugly thing (12 damage)
             ... on level 11 of the Dungeon.
             The game lasted 00:45:48 (13643 turns).

Lennu the Archer (Centaur Hunter)                  Turns: 13643, Time: 00:45:48

Health: -8/86      AC: 12    Str: 15    XL:     10   Next: 83%
Magic:  0/14       EV: 15    Int: 13    God:    Uskayaw [**....]
Gold:   539        SH:  0    Dex: 13    Spells: 0 memorised, 9 levels left

rFire  . . .     SeeInvis +     F - +8 mace of Foolhardiness {crush, *Slow +Blink rN+++ Int+3}
rCold  . . .     Gourm    .     b - +1 leather armour {MR+}
rNeg   + + +     Faith    .     (no shield)
rPois  +         Spirit   +     (no helmet)
rElec  .         Reflect  .     Q - +2 cloak {MR+}
rCorr  .         Harm     .     p - +2 pair of gloves
MR     ++...                    (no barding)
Stlth  +.........               N - amulet of guardian spirit
                                d - ring of flight
                                s - +4 ring of evasion (curse)

@: very quick
A: hooves 3, see invisible, deformed body, speed 2, poison resistance, tough
skin 3
a: Stomp, Line Pass, Renounce Religion, Evoke Blink, Evoke Flight


You were on level 11 of the Dungeon.
You worshipped Uskayaw.
Uskayaw was noncommittal.
You were not hungry.

You visited 2 branches of the dungeon, and saw 12 of its levels.

You collected 539 gold pieces.

Inventory:

Hand Weapons
 a - a +1 shortbow
 D - a +2 quarterstaff of chaos
 F - the +8 mace of Foolhardiness (weapon) {crush, *Slow +Blink rN+++ Int+3}
   (You found it on level 5 of the Dungeon)

   It inflicts extra damage upon your enemies.
   It affects your intelligence (+3).
   It renders you almost immune to negative energy.
   It lets you blink.
   It may slow you when you take damage.
Missiles
 G - 38 arrows
Armour
 b - a +1 leather armour of magic resistance (worn)
 p - a +2 pair of gloves (worn)
 u - a +0 robe of resistance
 x - a +2 cloak
 A - the +1 leather armour of a volcano {-Cast MR+ Int+4}
   (You found it on level 4 of the Dungeon)

   It affects your intelligence (+4).
   It affects your resistance to hostile enchantments.
   It prevents spellcasting.
 Q - a +2 cloak of magic resistance (worn)
Jewellery
 d - a ring of flight (right hand)
 i - an uncursed ring of protection from fire
 r - an uncursed ring of poison resistance
 s - a cursed +4 ring of evasion (left hand)
 N - an amulet of guardian spirit (around neck)
Wands
 q - a wand of digging (10/24)
 w - a wand of slowing (14/48)
 z - a wand of flame (38/48)
 H - a wand of lightning (8/15)
 J - a wand of flame (19/48)
 P - a wand of enslavement (14/24)
 R - a wand of acid (4/15)
Scrolls
 g - 5 scrolls of remove curse
 h - 8 scrolls of teleportation
 k - 2 scrolls of enchant armour
 y - a scroll of fog
 E - a scroll of blinking
 I - a scroll of identify
Potions
 c - 3 potions of might
 e - 6 potions of curing
 l - 4 potions of haste
 m - 2 potions of degeneration
 n - a potion of invisibility
 o - 3 potions of magic
 B - a potion of agility
 C - a potion of flight
 L - a potion of cure mutation
Books
 O - the Almanac of Air and Good Luck
   (You found it on level 10 of the Dungeon)

   Spells                             Type                      Level
   a - Song of Slaying                Charms                       2
   b - Deflect Missiles               Charms/Air                   6
   c - Poisonous Cloud                Conjuration/Poison/Air       6
   d - Conjure Ball Lightning         Conjuration/Air              6
Comestibles
 f - 7 bread rations
 j - 2 meat rations
 t - 31 fruits
 v - 2 chunks of flesh
 K - 2 royal jellies
 M - a beef jerky


   Skills:
 * Level 7.2 Fighting
 + Level 5.7 Maces & Flails
 * Level 12.5 Bows
 * Level 4.5 Armour
 * Level 4.7 Dodging
 - Level 1.7 Stealth
 * Level 5.5 Invocations


You had 9 spell levels left.
You didn't know any spells.

Dungeon Overview and Level Annotations

Branches:
Dungeon (11/15)            Temple (1/1) D:4             Orc (0/2) D:10
   Lair: D:8-11

Altars:
Ashenzari
Cheibriados
Dithmenos
Elyvilon
Fedhas
Gozag
Hepliaklqana
Kikubaaqudgha
Makhleb
Nemelex Xobeh
Okawaru
Qazlal
Ru
Sif Muna
Trog
Uskayaw
Vehumet
Xom
Yredelemnul
Zin
The Shining One

Shops:
D:4 %   D:5 (


Innate Abilities, Weirdness & Mutations

You have hooves in place of feet.
Armour fits poorly on your strangely shaped body.
You cover ground very quickly.
You have extremely tough skin. (AC +3)
You have supernaturally acute eyesight. (SInv)
Your system is resistant to poisons. (rPois)


Message History

You hit the cyan ugly thing but do no damage.
You kick the cyan ugly thing, but do no damage.
The cyan ugly thing is moderately wounded.
The cyan ugly thing headbutts you but does no damage.
You closely miss the cyan ugly thing.
The cyan ugly thing is moderately wounded.
The cyan ugly thing barely misses you.
The hill giant hits you with a giant club!
You barely miss the cyan ugly thing. Your kick misses the cyan ugly thing.
The cyan ugly thing is moderately wounded.
The cyan ugly thing headbutts you!
* * * LOW HITPOINT WARNING * * *
The cyan ugly thing shocks you!
* * * LOW HITPOINT WARNING * * *
You thump the cyan ugly thing!
The cyan ugly thing is heavily wounded.
The cyan ugly thing headbutts you.
* * * LOW HITPOINT WARNING * * *
The cyan ugly thing shocks you!
You die...

# .## ...
####.######
#........<# .
###....####....
........@u((..((
.########C......
....... .......
#####.# #


You could see a cyan ugly thing and a hill giant.

Vanquished Creatures
  Erica (D:9)
  Pikel (D:5)
  A hill giant (D:10)
  Joseph (D:7)
  A troll (D:8)
  A two-headed ogre (D:10)
  A hippogriff (D:7)
  5 yaks (D:9)
  A wyvern (D:7)
  Grum (D:8)
  A human (D:6)
  Menkaure (D:7)
  An ice beast (D:10)
  3 orc warriors
  A sky beast (D:6)
  2 phantoms
  4 ogres
  2 wolves (D:8)
  3 big kobolds
  2 bullfrogs
  A water moccasin zombie (D:7)
  3 scorpions
  3 howler monkeys (D:9)
  3 crimson imps
  4 jellies
  2 centaur skeletons
  Crazy Yiuf (D:5)
  10 orc priests
  A hound (D:10)
  A bullfrog skeleton (D:9)
  Jessica (D:2)
  8 orc wizards
  4 iguanas
  7 worker ants
  Terence (D:2)
  2 worker ant zombies
  A gnoll (D:2)
  14 adders
  A shadow imp (D:6)
  An ooze (D:6)
  An adder skeleton (D:5)
  9 worms
  A dart slug (D:4)
  8 leopard geckos
  32 orcs
  3 ball pythons
  8 bats
  9 giant cockroaches
  4 goblins
  11 hobgoblins
  2 jackals
  24 kobolds
  7 quokkas
  6 frilled lizards
  A leopard gecko skeleton (D:4)
  A leopard gecko zombie (D:5)
  9 rats
239 creatures vanquished.

Vanquished Creatures (others)
  2 slaves (D:6)
  An adder (D:3)
  A goblin (D:3)
  7 jackals
  A fungus (D:5)
12 creatures vanquished.

Grand Total: 251 creatures vanquished

Notes
Turn   | Place    | Note
-------+----------+-------------------------------------------
     0 | D:1      | Lennu the Centaur Hunter began the quest for the Orb.
     0 | D:1      | Reached XP level 1. HP: 17/17 MP: 1/1
   560 | D:1      | Reached XP level 2. HP: 23/24 MP: 2/2
   743 | D:1      | Reached skill level 6 in Bows
   799 | D:1      | Reached XP level 3. HP: 29/29 MP: 3/3
  1352 | D:2      | Noticed Jessica
  1356 | D:2      | Killed Jessica
  1356 | D:2      | Reached skill level 7 in Bows
  1356 | D:2      | Reached XP level 4. HP: 37/37 MP: 4/4
  1358 | D:2      | Noticed Terence
  1362 | D:2      | Killed Terence
  1686 | D:2      | Found a shattered altar of Ashenzari.
  1808 | D:2      | Reached XP level 5. HP: 42/42 MP: 5/5
  2141 | D:3      | Reached skill level 8 in Bows
  2431 | D:3      | Found a radiant altar of Vehumet.
  3350 | D:4      | Got a translucent leather armour
  3361 | D:4      | Identified the cursed +1 leather armour of a volcano {-Cast MR+ Int+4} (You found it on level 4 of the Dungeon)
  3387 | D:4      | Found Tuiqo's Food Shoppe.
  3389 | D:4      | Found a staircase to the Ecumenical Temple.
  3402 | Temple   | Entered the Ecumenical Temple
  3409 | Temple   | Became a worshipper of Uskayaw the Reveler
  3421 | D:4      | Noticed an ogre
  3436 | D:4      | Reached * piety under Uskayaw
  3440 | D:4      | Reached ** piety under Uskayaw
  3463 | D:4      | Killed an ogre
  3463 | D:4      | Reached skill level 9 in Bows
  3463 | D:4      | Reached XP level 6. HP: 51/51 MP: 6/6
  3509 | D:4      | Gained mutation: Your spells are a little easier to cast, but a little less powerful. [potion of mutation]
  3509 | D:4      | Gained mutation: Potions and wands are less effective at restoring your health. [potion of mutation]
  3509 | D:4      | Gained mutation: Your magical capacity is low. (-10% MP) [potion of mutation]
  3949 | D:5      | Entered Level 5 of the Dungeon
  3949 | D:5      | Found a blossoming altar of Fedhas.
  4014 | D:5      | Reached skill level 1 in Armour
  4099 | D:5      | Reached XP level 7. HP: 57/57 MP: 6/6
  4463 | D:5      | Found a blossoming altar of Fedhas.
  4709 | D:5      | Found Qobul's Antique Weapon Shop.
  4830 | D:5      | Reached skill level 10 in Bows
  5717 | D:4      | Reached skill level 1 in Invocations
  6030 | D:5      | Found a runed door.
  6475 | D:5      | Noticed Crazy Yiuf
  6483 | D:5      | Killed Crazy Yiuf
  6497 | D:5      | Got a jewelled mace
  6498 | D:5      | Identified the +8 mace of Foolhardiness {crush, *Slow +Blink rN+++ Int+3} (You found it on level 5 of the Dungeon)
  7242 | D:6      | Noticed Pikel
  7286 | D:6      | Reached XP level 8. HP: 37/66 MP: 8/8
  7445 | D:5      | Reached *** piety under Uskayaw
  7447 | D:5      | Killed Pikel
  7447 | D:5      | Reached skill level 11 in Bows
  7447 | D:5      | Reached skill level 1 in Stealth
  7994 | D:6      | Reached skill level 1 in Maces & Flails
  8268 | D:6      | Found a runed door.
  8270 | D:6      | Found a basalt altar of Yredelemnul.
  8323 | D:6      | Reached skill level 5 in Fighting
  8323 | D:6      | Reached XP level 9. HP: 62/74 MP: 10/10
  8725 | D:7      | Reached **** piety under Uskayaw
  8992 | D:7      | Lost mutation: Your spells are a little easier to cast, but a little less powerful. [potion of cure mutation]
  8992 | D:7      | Lost mutation: Your magical capacity is low. (-10% MP) [potion of cure mutation]
  8992 | D:7      | Lost mutation: Potions and wands are less effective at restoring your health. [potion of cure mutation]
  8993 | D:7      | Gained mutation: You have supernaturally acute eyesight. (SInv) [potion of beneficial mutation]
  8994 | D:7      | Gained mutation: Your system is resistant to poisons. (rPois) [potion of beneficial mutation]
  9270 | D:7      | Noticed Joseph
  9283 | D:7      | Killed Joseph
  9504 | D:7      | Noticed Menkaure
  9511 | D:7      | Killed Menkaure
  9830 | D:7      | Found a glowing silver altar of Zin.
 10230 | D:8      | Noticed Grum
 10289 | D:8      | Killed Grum
 10511 | D:8      | Noticed a troll
 10523 | D:8      | Killed a troll
 10523 | D:8      | Reached XP level 10. HP: 76/83 MP: 13/13
 11073 | D:8      | Found a deep blue altar of Sif Muna.
 11315 | D:9      | Noticed Erica
 11329 | D:9      | Killed Erica
 11329 | D:9      | Reached skill level 12 in Bows
 11430 | D:9      | Found an iron altar of Okawaru.
 12085 | D:9      | Reached skill level 5 in Invocations
 12093 | D:9      | Reached skill level 5 in Maces & Flails
 12093 | D:9      | Reached ***** piety under Uskayaw
 12232 | D:10     | Entered Level 10 of the Dungeon
 12400 | D:10     | Identified the Almanac of Air and Good Luck
 12550 | D:10     | Found a staircase to the Orcish Mines.
 12566 | D:10     | Noticed a hill giant
 12612 | D:10     | Killed a hill giant
 13627 | D:11     | Noticed a cyan ugly thing
 13636 | D:11     | Noticed a hill giant
 13643 | D:11     | HP: 4/86 [cyan ugly thing (3)]
 13643 | D:11     | Mangled by a cyan ugly thing

Skill      XL: |  1  2  3  4  5  6  7  8  9 10 |
---------------+-------------------------------+-----
Bows           | 6 7 9 10 11 12 | 12.5
Fighting       | 3 4 5 6 7 |  7.2
Dodging        | 2 3 4 |  4.7
Armour         | 1 2 3 4 |  4.5
Invocations    | 1 3 4 5 |  5.5
Stealth        | 1 |  1.7
Maces & Flails | 1 3 5 |  5.7

Action                   |  1- 3 |  4- 6 |  7- 9 | 10-12 || total
-------------------------+-------+-------+-------+-------++-------
Melee: Short sword       |       |     3 |    61 |       ||    64
       Kick              |       |       |    88 |    42 ||   130
       Shortbow          |       |       |    32 |       ||    32
       Mace              |       |       |   222 |   159 ||   381
       Quarterstaff      |       |       |     2 |       ||     2
 Fire: Shortbow          |    92 |   212 |   104 |    74 ||   482
  Use: Scroll            |       |    13 |     4 |     5 ||    22
       Potion            |       |     4 |     6 |       ||    10
 Stab: Paralysed         |       |       |     9 |     5 ||    14
       Distracted        |       |       |     1 |       ||     1
       Sleeping          |       |       |       |     1 ||     1
  Eat: Chunk             |       |     3 |     8 |     3 ||    14
       Bread ration      |       |     1 |       |       ||     1
       Meat ration       |       |       |     2 |     1 ||     3
Armor: Leather armour    |     7 |    26 |   134 |    58 ||   225
Dodge: Dodged            |     8 |    29 |   184 |   103 ||   324
